[ AOE2 MATCH · #505042759 ]
UnrankedMapuche vs Malay
Player's team · LOSS
Rival team · WIN
[ REPLAY ANALYSIS · EXTRACTED FROM THE RECORDED GAME ]
Feudal
8:53
Castle
20:17
Imperial
35:11
| APM avg | 39.9 |
| APM peak | 70 |
| eAPM avg | 21.0 |
| Villagers / military | 108 / 68 |
Focus
⚔️ 30.3% · 🌾 69.7%
Spearman ×22 · Bolas Rider ×21 · Skirmisher ×11 · Kona ×8 · Monk ×5 · Trebuchet (Packed) ×1
Feudal
10:30
Castle
18:49
Imperial
33:35
| APM avg | 85.6 |
| APM peak | 139 |
| eAPM avg | 33.7 |
| Villagers / military | 139 / 114 |
Focus
⚔️ 26.9% · 🌾 73.1%
Karambit Warrior ×56 · Scout Cavalry ×21 · Battle Elephant ×13 · Trebuchet (Packed) ×8 · Monk ×6 · Militia ×5
Match map
Initial resources + every placement click. Lines = walls · curves = elevation contours. ◆ gold · ⬟ stone · ● berries · ✦ relic · ◌ wall gap
Your base· Open — 6t gap
_Platense's base· Open — unwalled flank
Smoothed initial terrain · ◌ = detected wall gap · hover for details
Inputs per minute
— Deimos - - _Platense
Build order — Deimos
First 150 of 292 actions detected
| 0:00 | Queue | Villager (Male) |
| 0:00 | Queue | Villager (Male) |
| 0:01 | Queue | Villager (Male) |
| 0:02 | Build | House |
| 0:03 | Build | House |
| 0:24 | Queue | Villager (Male) |
| 1:33 | Queue | Villager (Male) |
| 1:33 | Queue | Villager (Male) |
| 2:02 | Queue | Villager (Male) |
| 2:20 | Build | Settlement |
| 2:24 | Queue | Villager (Male) |
| 2:45 | Queue | Villager (Male) |
| 3:16 | Queue | Villager (Male) |
| 3:48 | Queue | Villager (Male) |
| 3:49 | Queue | Villager (Male) |
| 4:08 | Queue | Villager (Male) |
| 4:08 | Queue | Villager (Male) |
| 4:33 | Queue | Villager (Male) |
| 4:56 | Queue | Villager (Male) |
| 5:21 | Queue | Villager (Male) |
| 5:32 | Queue | Villager (Male) |
| 6:04 | Research | Loom |
| 6:33 | Research | Feudal Age |
| 7:05 | Build | Settlement |
| 7:16 | Build | House |
| 8:01 | Build | Palisade Wall |
| 8:12 | Queue | Villager (Male) |
| 8:53 | Age | Feudal Age |
| 8:56 | Queue | Spearman |
| 9:01 | Queue | Spearman |
| 9:09 | Queue | Villager (Male) |
| 9:11 | Research | Double-Bit Axe |
| 9:31 | Queue | Villager (Male) |
| 9:38 | Build | Palisade Wall |
| 9:39 | Build | Palisade Wall |
| 9:40 | Build | Palisade Wall |
| 9:49 | Queue | Villager (Male) |
| 10:10 | Queue | Skirmisher |
| 10:11 | Queue | Skirmisher |
| 10:12 | Queue | Villager (Male) |
| 10:23 | Build | House |
| 10:31 | Queue | Villager (Male) |
| 10:33 | Queue | Spearman |
| 10:35 | Queue | Skirmisher |
| 10:35 | Queue | Skirmisher |
| 10:47 | Build | House |
| 10:48 | Build | Palisade Wall |
| 11:15 | Build | Palisade Wall |
| 11:20 | Research | Horse Collar |
| 11:38 | Queue | Villager (Male) |
| 11:38 | Queue | Villager (Male) |
| 11:49 | Build | Blacksmith |
| 12:04 | Queue | Villager (Male) |
| 12:05 | Queue | Skirmisher |
| 12:06 | Queue | Skirmisher |
| 12:07 | Research | Horse Collar |
| 12:24 | Build | Farm |
| 12:30 | Queue | Villager (Male) |
| 12:41 | Build | Farm |
| 12:50 | Queue | Spearman |
| 12:51 | Research | Forging |
| 12:51 | Research | Forging |
| 12:53 | Build | House |
| 12:55 | Research | Fletching |
| 13:02 | Queue | Villager (Male) |
| 13:02 | Queue | Villager (Male) |
| 13:24 | Queue | Villager (Male) |
| 13:28 | Queue | Skirmisher |
| 13:28 | Queue | Skirmisher |
| 13:36 | Build | Farm |
| 13:49 | Queue | Skirmisher |
| 13:58 | Build | House |
| 14:12 | Queue | Skirmisher |
| 14:13 | Queue | Villager (Male) |
| 14:15 | Build | Farm |
| 14:17 | Build | Farm |
| 14:29 | Build | Farm |
| 14:31 | Queue | Villager (Male) |
| 14:33 | Build | Farm |
| 14:58 | Build | Farm |
| 14:59 | Build | Farm |
| 15:17 | Queue | Villager (Male) |
| 15:30 | Build | Farm |
| 15:32 | Build | Farm |
| 15:35 | Build | Palisade Gate |
| 15:43 | Queue | Villager (Male) |
| 15:48 | Queue | Villager (Male) |
| 16:03 | Build | House |
| 16:06 | Build | Palisade Wall |
| 16:24 | Build | Settlement |
| 16:40 | Build | Market |
| 16:41 | Queue | Villager (Male) |
| 17:05 | Build | House |
| 17:07 | Build | Palisade Wall |
| 17:12 | Queue | Villager (Male) |
| 17:26 | Research | Castle Age |
| 17:31 | Build | Farm |
| 17:38 | Build | House |
| 17:40 | Build | Palisade Wall |
| 17:41 | Queue | Villager (Male) |
| 17:48 | Build | Palisade Wall |
| 17:53 | Queue | Spearman |
| 18:06 | Build | House |
| 19:25 | Queue | Villager (Male) |
| 20:17 | Age | Castle Age |
| 20:20 | Build | House |
| 20:24 | Build | Monastery |
| 20:30 | Research | Bow Saw |
| 20:37 | Research | Bodkin Arrow |
| 20:42 | Research | Wheelbarrow |
| 21:05 | Queue | Monk |
| 21:05 | Queue | Monk |
| 21:05 | Queue | Villager (Male) |
| 21:06 | Queue | Villager (Male) |
| 21:28 | Build | Castle |
| 21:42 | Build | Monastery |
| 21:44 | Build | House |
| 21:52 | Build | House |
| 21:54 | Queue | Villager (Male) |
| 22:12 | Queue | Kona |
| 22:13 | Queue | Kona |
| 22:17 | Build | Farm |
| 22:18 | Build | Farm |
| 22:25 | Queue | Monk |
| 22:34 | Build | House |
| 22:41 | Queue | Kona |
| 22:41 | Queue | Kona |
| 22:47 | Queue | Kona |
| 22:47 | Queue | Villager (Male) |
| 22:47 | Queue | Villager (Male) |
| 22:52 | Queue | Monk |
| 23:36 | Queue | Villager (Male) |
| 23:44 | Queue | Villager (Male) |
| 23:44 | Queue | Villager (Male) |
| 23:54 | Research | Fervor |
| 23:55 | Queue | Villager (Male) |
| 23:55 | Queue | Villager (Male) |
| 24:01 | Queue | Spearman |
| 24:01 | Queue | Spearman |
| 24:06 | Build | Farm |
| 24:07 | Build | Farm |
| 24:08 | Build | Farm |
| 24:09 | Build | Farm |
| 24:10 | Build | Farm |
| 24:28 | Build | Town Center |
| 24:37 | Queue | Villager (Male) |
| 24:39 | Queue | Kona |
| 25:13 | Research | Pikeman (upgrade) |
| 25:14 | Queue | Spearman |
| 25:14 | Queue | Spearman |
Build order — _Platense
First 150 of 427 actions detected
| 0:01 | Queue | Villager (Male) |
| 0:02 | Build | House |
| 0:02 | Build | House |
| 0:07 | Queue | Villager (Male) |
| 0:11 | Queue | Villager (Male) |
| 0:15 | Queue | Villager (Male) |
| 0:16 | Queue | Villager (Male) |
| 1:26 | Queue | Villager (Male) |
| 1:27 | Queue | Villager (Male) |
| 1:50 | Queue | Villager (Male) |
| 2:22 | Queue | Villager (Male) |
| 2:22 | Queue | Villager (Male) |
| 2:25 | Build | Lumber Camp |
| 2:29 | Build | Lumber Camp |
| 2:46 | Queue | Villager (Male) |
| 2:46 | Queue | Villager (Male) |
| 3:09 | Queue | Villager (Male) |
| 3:10 | Queue | Villager (Male) |
| 3:10 | Queue | Villager (Male) |
| 3:49 | Build | House |
| 3:57 | Queue | Villager (Male) |
| 3:57 | Queue | Villager (Male) |
| 4:33 | Queue | Villager (Male) |
| 4:33 | Queue | Villager (Male) |
| 5:04 | Build | Barracks |
| 5:19 | Build | House |
| 5:23 | Queue | Villager (Male) |
| 5:49 | Queue | Villager (Male) |
| 5:49 | Queue | Villager (Male) |
| 5:49 | Queue | Villager (Male) |
| 6:02 | Queue | Militia |
| 6:02 | Queue | Militia |
| 6:02 | Queue | Militia |
| 6:25 | Queue | Militia |
| 6:38 | Build | Mill |
| 6:42 | Queue | Villager (Male) |
| 6:42 | Queue | Villager (Male) |
| 7:10 | Build | House |
| 7:11 | Research | Loom |
| 7:23 | Queue | Villager (Male) |
| 7:57 | Queue | Villager (Male) |
| 8:13 | Build | Mill |
| 8:15 | Queue | Villager (Male) |
| 8:41 | Queue | Villager (Male) |
| 9:02 | Research | Feudal Age |
| 9:15 | Build | Mining Camp |
| 10:16 | Queue | Militia |
| 10:19 | Queue | Villager (Male) |
| 10:25 | Build | House |
| 10:30 | Age | Feudal Age |
| 10:31 | Queue | Villager (Male) |
| 10:33 | Research | Double-Bit Axe |
| 10:33 | Research | Double-Bit Axe |
| 10:47 | Queue | Villager (Male) |
| 10:53 | Research | Horse Collar |
| 10:53 | Research | Horse Collar |
| 10:56 | Queue | Villager (Male) |
| 10:57 | Queue | Villager (Male) |
| 11:00 | Build | House |
| 11:13 | Research | Man-at-Arms (upgrade) |
| 11:19 | Build | Farm |
| 11:40 | Queue | Villager (Male) |
| 11:42 | Build | Farm |
| 11:47 | Build | House |
| 11:47 | Build | House |
| 12:03 | Queue | Villager (Male) |
| 12:04 | Build | Farm |
| 12:26 | Queue | Villager (Male) |
| 12:28 | Build | Farm |
| 12:29 | Build | Farm |
| 12:34 | Queue | Villager (Male) |
| 12:49 | Queue | Villager (Male) |
| 12:51 | Build | Farm |
| 13:12 | Queue | Villager (Male) |
| 13:13 | Build | Farm |
| 13:14 | Build | Farm |
| 13:18 | Build | Lumber Camp |
| 13:22 | Build | Lumber Camp |
| 13:30 | Build | Farm |
| 13:36 | Queue | Villager (Male) |
| 13:52 | Build | Farm |
| 13:56 | Build | Farm |
| 14:10 | Build | House |
| 14:16 | Build | Farm |
| 14:21 | Build | Farm |
| 14:42 | Queue | Villager (Male) |
| 14:43 | Build | Farm |
| 15:05 | Queue | Villager (Male) |
| 15:14 | Build | Blacksmith |
| 15:28 | Queue | Villager (Male) |
| 15:38 | Build | Market |
| 15:55 | Queue | Villager (Male) |
| 15:59 | Build | House |
| 16:20 | Queue | Villager (Male) |
| 16:41 | Build | Stable |
| 16:48 | Queue | Villager (Male) |
| 16:53 | Build | Stable |
| 17:04 | Research | Castle Age |
| 17:04 | Research | Castle Age |
| 17:09 | Build | Farm |
| 17:10 | Build | Farm |
| 17:23 | Build | Farm |
| 17:37 | Research | Scale Barding Armor |
| 18:16 | Build | Palisade Wall |
| 18:43 | Queue | Villager (Male) |
| 18:46 | Build | Palisade Wall |
| 18:49 | Age | Castle Age |
| 18:53 | Queue | Battle Elephant |
| 18:54 | Research | Husbandry |
| 18:54 | Research | Husbandry |
| 18:54 | Research | Bow Saw |
| 18:55 | Research | Bow Saw |
| 18:55 | Queue | Villager (Male) |
| 18:59 | Build | Siege Workshop |
| 19:04 | Research | Heavy Plow |
| 19:04 | Research | Heavy Plow |
| 19:20 | Queue | Battle Elephant |
| 19:21 | Queue | Battle Elephant |
| 19:30 | Queue | Battle Elephant |
| 19:31 | Queue | Villager (Male) |
| 19:33 | Build | Farm |
| 19:37 | Build | Farm |
| 19:43 | Build | Farm |
| 19:49 | Queue | Scorpion |
| 19:51 | Queue | Mangonel |
| 19:54 | Build | House |
| 19:56 | Queue | Villager (Male) |
| 19:58 | Queue | Battle Elephant |
| 19:58 | Queue | Battle Elephant |
| 20:03 | Queue | Battle Elephant |
| 20:04 | Queue | Battle Elephant |
| 20:04 | Queue | Battle Elephant |
| 20:25 | Queue | Battle Elephant |
| 20:25 | Queue | Battle Elephant |
| 20:33 | Build | Monastery |
| 20:40 | Queue | Villager (Male) |
| 20:50 | Queue | Battle Elephant |
| 20:50 | Queue | Battle Elephant |
| 20:50 | Queue | Villager (Male) |
| 20:54 | Build | Farm |
| 20:55 | Build | Farm |
| 21:08 | Queue | Villager (Male) |
| 21:26 | Research | Light Cavalry (upgrade) |
| 21:26 | Research | Light Cavalry (upgrade) |
| 21:34 | Queue | Mangonel |
| 21:36 | Queue | Villager (Male) |
| 21:38 | Queue | Villager (Male) |
| 21:52 | Build | Farm |
| 21:54 | Build | Farm |
| 21:57 | Queue | Villager (Male) |
Match timeline
| 5:04 | _Platense · first_building Barracks |
| 8:01 | Deimos · wall_segment Palisade Wall x10 |
| 8:53 | Deimos · age_up feudal |
| 9:38 | Deimos · wall_segment Palisade Wall x1 |
| 9:39 | Deimos · wall_segment Palisade Wall x1 |
| 9:40 | Deimos · wall_segment Palisade Wall x1 |
| 10:30 | _Platense · age_up feudal |
| 10:48 | Deimos · wall_segment Palisade Wall x5 |
| 11:15 | Deimos · wall_segment Palisade Wall x1 |
| 16:06 | Deimos · wall_segment Palisade Wall x5 |
| 16:41 | _Platense · first_building Stable |
| 17:07 | Deimos · wall_segment Palisade Wall x1 |
| 17:40 | Deimos · wall_segment Palisade Wall x10 |
| 17:48 | Deimos · wall_segment Palisade Wall x1 |
| 18:16 | _Platense · wall_segment Palisade Wall x1 |
| 18:46 | _Platense · wall_segment Palisade Wall x1 |
| 18:49 | _Platense · age_up castle |
| 18:59 | _Platense · first_building Siege Workshop |
| 20:17 | Deimos · age_up castle |
| 20:24 | Deimos · first_building Monastery |
| 20:33 | _Platense · first_building Monastery |
| 21:28 | Deimos · first_building Castle |
| 22:23 | Deimos · first_market_sell 100 wood |
| 29:03 | _Platense · wall_segment Palisade Wall x1 |
| 29:06 | _Platense · wall_segment Palisade Wall x1 |
| 29:07 | _Platense · wall_segment Palisade Wall x1 |
| 29:56 | _Platense · first_market_buy 500 food |
| 31:03 | _Platense · first_building Castle |
| 32:14 | _Platense · wall_segment Stone Wall x1 |
| 32:31 | Deimos · first_building Barracks |
| 33:22 | Deimos · first_building Archery Range |
| 33:35 | _Platense · age_up imperial |
| 35:11 | Deimos · age_up imperial |
| 36:08 | _Platense · first_market_sell 500 food |
| 37:29 | _Platense · wall_segment Palisade Wall x1 |
| 39:10 | Deimos · resign |
[ AI ANALYSIS · 1 CREDIT ]
What really happened in this match?
Wolo.gg analyzes every decision: build order, eco, micro, common mistakes by bracket. Personalized analysis on WhatsApp or Discord in 30 seconds.
Civ guide
Mapuche
Perfil
Jugador #6231137